 Dungeon Crawl Stone Soup version 0.17-a0-1632-g0af21bd (webtiles) character file.

12 maniek23 the Gusty (level 2, 0/20 HPs)
             Began as a Draconian Air Elementalist on Aug 3, 2015.
             Slain by a hobgoblin
             ... wielding a +0 club
              (1 damage)
             ... on level 1 of the Dungeon.
             The game lasted 00:02:25 (439 turns).

maniek23 the Gusty (Draconian Air Elementalist)      Turns: 439, Time: 00:02:25

Health: 0/20       AC:  4    Str: 10    XL:     2   Next: 20%
Magic:  3/5        EV: 12    Int: 15    God:
Gold:   15         SH:  0    Dex: 11    Spells: 1 memorised, 4 levels left

rFire  . . .     SeeInvis .     (no weapon)
rCold  . . .     Clarity  .     (armour unavailable)
rNeg   . . .     SustAt   .     (no shield)
rPois  .         Gourm    .     (helmet restricted)
rElec  .         Spirit   .     (no cloak)
rCorr  .         Warding  .     (no gloves)
rMut   .         Rnd*Tele +     (no boots)
MR     .....                    (no amulet)
Stlth  ++........               (no ring)
                                i - ring of teleportation (curse)

@: very slightly contaminated, not resistant to hostile enchantments, unstealthy
A: unfitting armour, cold-blooded, AC +4
a: Evoke Teleportation


You were on level 1 of the Dungeon.
You were not hungry.

You visited 1 branch of the dungeon, and saw 1 of its levels.

You collected 15 gold pieces.

Inventory:

Jewellery
 i - a cursed ring of teleportation (left hand)
Scrolls
 e - a scroll of magic mapping {unknown}
 f - 2 scrolls of remove curse {unknown}
 g - a scroll of immolation {unknown}
 h - a scroll of identify {unknown}
 j - a scroll of noise {unknown}
Potions
 d - a potion of cure mutation {unknown}
 k - a potion of heal wounds {unknown}
Books
 a - a book of Air

   Spells                             Type                      Level
   a - Shock                          Conjuration/Air              1
   b - Swiftness                      Charms/Air                   2
   c - Repel Missiles                 Charms/Air                   2
   d - Static Discharge               Conjuration/Air              3
   e - Lightning Bolt                 Conjuration/Air              5
Comestibles
 b - a bread ration
 l - 3 fruits


   Skills:
 + Level 2.0 Dodging
 + Level 2.0 Stealth
 + Level 2.0 Spellcasting
 + Level 1.0 Conjurations
 + Level 3.3 Air Magic


You had 4 spell levels left.
You knew the following spells:

 Your Spells              Type           Power        Failure   Level  Hunger
a - Shock                 Conj/Air       #...         12%         1    #......


Dungeon Overview and Level Annotations

Branches:
Dungeon (1/15)

Altars:
Okawaru


Innate Abilities, Weirdness & Mutations

Your plain brown scales are hard (AC +4).
Your body does not fit into most forms of armour.
You are cold-blooded and may be slowed by cold attacks.


Message History

Confirm with . or Enter, or press ? or * to list all spells.
You don't know that spell.
Casting: Shock
Confirm with . or Enter, or press ? or * to list all spells.
Aiming: Shock
Press: ? - help, Shift-Dir - straight line, f - hobgoblin
Aim: a hobgoblin, wielding a club (moderately wounded)
The zap misses the hobgoblin.
The zap hits the hobgoblin.
The hobgoblin is heavily wounded.
The hobgoblin hits you with a club.
* * * LOW HITPOINT WARNING * * *
Casting: Shock
Confirm with . or Enter, or press ? or * to list all spells.
Aiming: Shock
Press: ? - help, Shift-Dir - straight line, f/p - hobgoblin
Aim: a hobgoblin, wielding a club (heavily wounded)
You miscast Shock.
You are very lightly contaminated with residual magic.
Nothing appears to happen.
The hobgoblin hits you with a club.
You die...

#####...# #####
##.....#.# ....# ##...#
...#
....##########...###...##
....'...................#
....########...#.).).#
....# #..##.._..# #####
#...#.).).#.. ###
#...)@.......# ..#
#.#.(g###...## ###
#.##...# ...#
#.###.......# #.#
###.#..## ...## ...# ###


You could see a hobgoblin.

Vanquished Creatures
  A hobgoblin (D:1)
  2 kobolds (D:1)
  A bat (D:1)
  2 giant newts (D:1)
  2 goblins (D:1)
  3 jackals (D:1)
  2 rats (D:1)
13 creatures vanquished.

Notes
Turn   | Place    | Note
--------------------------------------------------------------
     0 | D:1      | maniek23 the Draconian Air Elementalist began the quest for the Orb.
     0 | D:1      | Reached XP level 1. HP: 14/14 MP: 3/3
   235 | D:1      | Reached XP level 2. HP: 17/20 MP: 5/5
   413 | D:1      | Found an iron altar of Okawaru.
   438 | D:1      | HP: 1/20 [hobgoblin/club (2)]
   439 | D:1      | Slain by a hobgoblin

Vault maps used:
D:1:      saegor_arrival_under_anarchy, minivault_11, okawaru_ov_weapons_minmay

Action                   || total
-------------------------++-------
Melee: Unarmed           ||    65
 Cast: Shock             ||     7
 Stab: Sleeping          ||     1
